 Dungeon Crawl Stone Soup version 0.30.1 (webtiles) character file.

Game seed: 13880745465750106947

1098 monsoonserge the Covered (level 8, 0/73 HPs)
             Began as a Hill Orc Fighter on July 7, 2023.
             Slain by an iguana (2 damage)
             ... on level 5 of the Dungeon.
             The game lasted 00:14:41 (4074 turns).

monsoonserge the Covered (Hill Orc Fighter)         Turns: 4074, Time: 00:14:42

Health: 0/73       AC: 14    Str: 21    XL:     8   Next: 32%
Magic:  8/8        EV:  4    Int:  8    God:
Gold:   275        SH: 13    Dex: 12    Spells: 7/7 levels left

rFire   . . .        a - +0 war axe
rCold   . . .        q - +0 tower shield
rNeg    . . .        x - +0 plate armour
rPois   .            (no helmet)
rElec   .            l - +0 cloak of Eternal Night {Dex+2}
rCorr   .            (no gloves)
SInv    .            (no boots)
Will    .....        (no amulet) Stlth
                     (no ring)
HPRegen 0.32/turn    (no ring)
MPRegen 0.11/turn

%: no passive effects
@: no status effects
A: no striking features
a: no special abilities


You were on level 5 of the Dungeon.
You visited 1 branch of the dungeon, and saw 5 of its levels.

You collected 275 gold pieces.

Inventory:

Hand Weapons
 a - a +0 war axe (weapon)
 u - a +0 sling
Missiles
 C - 10 boomerangs (quivered)
Armour
 b - a +0 scale mail
 c - a +0 buckler
 l - the +0 cloak of Eternal Night (worn) {Dex+2}
   (You found it on level 2 of the Dungeon)

   Dex:       It affects your dexterity (+2).
 q - a +0 tower shield (worn)
 x - a +0 plate armour (worn)
Magical Staves
 v - a staff of poison
Jewellery
 j - an amulet of faith
Scrolls
 e - 8 scrolls of identify {unknown}
 f - 2 scrolls of vulnerability {unknown}
 g - a scroll of fear {unknown}
 i - 4 scrolls of teleportation {unknown}
 k - a scroll of blinking {unknown}
 n - 2 scrolls of poison {unknown}
 p - a scroll of enchant weapon {unknown}
 r - a scroll of magic mapping {unknown}
 s - a scroll of enchant armour {unknown}
 y - a scroll of silence {unknown}
Potions
 d - a potion of might
 h - a potion of cancellation
 m - a potion of haste {unknown}
 o - a potion of degeneration {unknown}
 t - 2 potions of curing {unknown}
 w - a potion of heal wounds {unknown}
 z - a potion of mutation {unknown}
 A - 2 potions of lignification {unknown}
 B - 2 potions of magic {unknown}


   Skills:
 + Level 7.2 Fighting
 - Level 5.0 Axes
 + Level 7.4 Armour
 - Level 1.0 Dodging
 - Level 1.0 Stealth
 - Level 5.0 Shields


You had 7 spell levels left.
You didn't know any spells.
Your spell library was empty.

Dungeon Overview and Level Annotations

Branches:
Dungeon (5/15)
 Temple: D:4-7

Altars:
Dithmenos

Annotations:
D:4 3 runed translucent doors, monsoonserge's ghost, amateur GrFi


Message History

You kill the scorpion!
You hit the scorpion.
You kill the scorpion!
You feel very sick.
Training target 5.0 for Shields reached!
Your Fighting skill increases to level 7!
Your Shields skill increases to level 5!
You slash the orc!
You kill the orc!
You feel sick.
The gnoll hits you from afar with a +0 spear!
* * * LOW HITPOINT WARNING * * *
The iguana hisses menacingly.
The gnoll hits you but does no damage.
You barely miss the iguana. You closely miss the iguana.
You feel sick.
The iguana bites you but does no damage.
You block the gnoll's attack.
The iguana bites you but does no damage.
You slash the iguana!
You kill the iguana!
You closely miss the iguana.
You feel sick. You block the iguana's attack. You block the gnoll's attack.
The iguana bites you but does no damage.
The gnoll hits you from afar with a +0 spear!
* * * LOW HITPOINT WARNING * * *
It was a potion of cancellation.
You feel magically purged.
You feel sick.
You are no longer poisoned.
You block the iguana's attack. The gnoll hits you but does no damage.
You barely miss the iguana.
The iguana is heavily wounded.
The iguana bites you but does no damage.
The gnoll hits you from afar with a +0 spear.
* * * LOW HITPOINT WARNING * * *
Unknown command.
Okay, then.
You hit the iguana.
The iguana is severely wounded.
The iguana bites you but does no damage.
You block the gnoll's attack. The iguana bites you.
You die...

...# ###.†###...##
...# #....##.....##
.#.# ##....#.......#
.#.# #.....#.......#
.##. #....##.......#
....###..).# #.....#
......#..### #.cg#
......#.########l####
###..##......†..@...#
###...#.............#
......#.............#
......####'########.#
.#....###...## .#
####..##....[## #
##.#.......# #
##.#.......#
####..#.......#


You could see a centaur, an iguana and a gnoll.

Vanquished Creatures
  A black bear (D:4)
  An ice beast (D:5)
  An ogre (D:4)
  A phantom (D:5)
  A bullfrog (D:5)
  3 scorpions (D:5)
  2 howler monkeys (D:5)
  5 hounds
  4 iguanas
  An orc wizard (D:5)
  2 gnolls
  7 adders
  2 worms
  3 dart slugs
  7 orcs
  8 ball pythons
  10 endoplasms
  A giant cockroach (D:2)
  5 goblins
  7 hobgoblins
  2 jackals (D:1)
  4 quokkas
  5 bats
  5 frilled lizards
  2 kobolds
  3 rats
93 creatures vanquished.

Notes
Turn   | Place    | Note
-------+----------+-------------------------------------------
     0 | D:1      | monsoonserge the Hill Orc Fighter began the quest for the
                  | Orb.
     0 | D:1      | Reached XP level 1. HP: 19/19 MP: 1/1
    95 | D:1      | Reached XP level 2. HP: 25/27 MP: 2/2
   452 | D:1      | Reached XP level 3. HP: 32/34 MP: 3/3
   601 | D:2      | Identified the +0 cloak of Eternal Night {Dex+2}
  1035 | D:2      | Reached XP level 4. HP: 37/41 MP: 4/4
  1839 | D:4      | Noticed an ogre
  1943 | D:4      | Reached XP level 5. HP: 42/47 MP: 5/5
  1996 | D:4      | Noticed a black bear
  2009 | D:4      | Killed a black bear
  2010 | D:4      | Reached skill level 5 in Fighting
  2010 | D:4      | Reached skill level 1 in Dodging
  2025 | D:4      | Found a runed translucent gate.
  2025 | D:4      | Found a runed translucent gate.
  2025 | D:4      | Found a runed translucent gate.
  2025 | D:4      | Noticed monsoonserge's ghost (amateur GrFi)
  2122 | D:4      | Reached XP level 6. HP: 56/56 MP: 6/6
  2198 | D:4      | Reached skill level 5 in Armour
  2601 | D:4      | Found a shadowy altar of Dithmenos.
  2964 | D:5      | Entered Level 5 of the Dungeon
  2985 | D:5      | Reached XP level 7. HP: 31/63 MP: 7/7
  3152 | D:5      | Reached skill level 1 in Stealth
  3435 | D:5      | Reached skill level 5 in Axes
  3435 | D:5      | Reached XP level 8. HP: 19/71 MP: 8/8
  4069 | D:5      | Reached skill level 5 in Shields
  4073 | D:5      | HP: 2/73 [gnoll/+0 spear (4)]
  4074 | D:5      | Slain by an iguana

Illustrated notes

Levels and vault maps discovered:
D:1:      minmay_arrival_hallway, layout_basic
D:2:      layout_loops_cross
D:3:      layout_basic, st_stairs_12
D:4:      layout_loops_corners, mainiacjoe_overflow_small_starburst,
          gammafunk_ghost_necromancy, kennysheep_generic_room_10
D:5:      minmay_opposing_rooms, layout_layer_cave,
          chequers_serial_rivers_micro_b, minmay_joined_circles

Skill      XL: |  1  2  3  4  5  6  7  8 |
---------------+-------------------------+-----
Axes           | 3 4 5 |  5.0
Fighting       | 4 5 6 7 |  7.2
Armour         | 4 6 7 |  7.4
Shields        | 4 5 |  5.0
Dodging        | 1 |  1.0
Stealth        | 1 |  1.0

Action                     |  1- 3 |  4- 6 |  7- 9 || total
---------------------------+-------+-------+-------++-------
  Melee: War axe           |    95 |   118 |   132 ||   345
    Use: Potion            |       |       |     1 ||     1
 Armour: Scale mail        |    47 |    47 |       ||    94
         Plate armour      |       |    12 |    85 ||    97
  Dodge: Dodged            |    41 |    32 |    18 ||    91
  Block: Buckler           |    16 |     7 |       ||    23
         Tower shield      |       |    71 |   107 ||   178
